 Seeded DCSS version 0.31-a0-331-geda263fcf1 (webtiles) character file.

Game seed: 16987456011248572002 (custom seed)

1796 bmack86 the Cleaver (level 8, -3/64 HPs)
             Began as a Minotaur Fighter on July 20, 2023.
             Was an Initiate of Okawaru.
             Slain by a hornet (5 damage)
             ... on level 7 of the Dungeon.
             The game lasted 00:13:10 (5966 turns).

bmack86 the Cleaver (Minotaur Fighter)              Turns: 5966, Time: 00:13:11

Health: -3/64      AC: 14    Str: 23    XL:     8   Next: 83%
Magic:  7/7        EV:  6    Int:  5    God:    Okawaru [......]
Gold:   1047       SH: 10    Dex: 13    Spells: 7/7 levels left

rFire   . . .        a - +0 war axe (heavy)
rCold   . . .        c - +0 buckler
rNeg    . . .        i - +0 plate armour
rPois   .            (helmet restricted)
rElec   .            p - +1 cloak
rCorr   .            (no gloves)
SInv    .            w - +0 pair of boots
Will    .....        m - amulet "Hiphebox" {Reflect Dex+3 SH+5} Stlth
                     (no ring)
HPRegen 0.30/turn    (no ring)
MPRegen 0.10/turn

%: reflection
@: lethally poisoned (-3 -> -15), slowed, studying Fighting, very slow
A: horns 2, retaliatory headbutt
a: Renounce Religion


You were on level 7 of the Dungeon.
You worshipped Okawaru.
Okawaru was noncommittal.
You visited 2 branches of the dungeon, and saw 8 of its levels.

You collected 1147 gold pieces.
You spent 100 gold pieces at shops.

Inventory:

Hand Weapons
 a - a +0 heavy war axe (weapon)
Missiles
 k - 15 boomerangs (quivered)
Armour
 b - a +0 scale mail
 c - a +0 buckler (worn)
 i - a +0 plate armour (worn)
 p - a +1 cloak (worn)
 w - a +0 pair of boots (worn)
Jewellery
 m - the amulet "Hiphebox" (around neck) {Reflect Dex+3 SH+5}
   (You found it on level 2 of the Dungeon)

   [amulet of reflection]

   It reflects blocked missile attacks.
   Dex:       It affects your dexterity (+3).
   SH:        It affects your SH (+5).
Wands
 r - a wand of flame (10)
Scrolls
 e - 2 scrolls of fear
 h - a scroll of brand weapon
 n - a scroll of vulnerability
 o - 2 scrolls of teleportation
 q - a scroll of blinking {unknown}
 v - a scroll of enchant weapon {unknown}
 x - a scroll of revelation {unknown}
 y - a scroll of amnesia {unknown}
 D - a scroll of enchant armour {unknown}
Potions
 d - a potion of might
 f - a potion of lignification
 g - 3 potions of magic
 j - a potion of enlightenment {unknown}
 l - 5 potions of curing
 s - a potion of invisibility
 t - a potion of resistance {unknown}
 u - a potion of attraction
 z - a potion of brilliance
 A - 2 potions of heal wounds
 B - a potion of haste


   Skills:
 - Level 3.6 Fighting
 + Level 13.6 Axes
 - Level 3.6 Armour
 - Level 3.6 Shields


You had 7 spell levels left.
You didn't know any spells.
Your spell library contained the following spells:

 Spells                   Type           Power      Damage    Failure   Level
 Magic Dart               Conj           0%         1d3       100%        1
 Ensorcelled Hibernation  Hex/Ice        0%         N/A       100%        2
 Hailstorm                Conj/Ice       0%         3d3       100%        3
 Inner Flame              Hex/Fire       0%         N/A       100%        3
 Mephitic Cloud           Conj/Pois/Air  0%         N/A       100%        3
 Anguish                  Hex/Necr       0%         N/A       100%        4
 Flame Wave               Conj/Fire      0%         2d4       100%        4
 Sticky Flame             Conj/Fire      0%         2d3       100%        4
 Lee's Rapid Deconstruct  Erth           0%         3d4*      100%        5
 Call Imp                 Summ           Unusable   N/A       N/A         2
 Animate Armour           Summ/Erth      Unusable   N/A       N/A         4
 Animate Dead             Necr           Unusable   N/A       N/A         4
 Summon Ice Beast         Ice/Summ       Unusable   N/A       N/A         4
 Summon Lightning Spire   Summ/Air       Unusable   N/A       N/A         4
 Simulacrum               Ice/Necr       Unusable   N/A       N/A         6
 Haunt                    Necr/Summ      Unusable   N/A       N/A         7
 Infestation              Necr           Unusable   N/A       N/A         8

Dungeon Overview and Level Annotations

Branches:
Dungeon (7/15)             Temple (1/1) D:6

Altars:
Ashenzari
Cheibriados
Elyvilon
Fedhas
Hepliaklqana
Kikubaaqudgha
Makhleb
Okawaru
Ru
Sif Muna
Trog
Uskayaw
Vehumet
Wu Jian
Xom
Zin
The Shining One

Shops:
D:3 !

Annotations:
D:6 1 runed translucent door, AwFulAwFulPlayer's ghost, amateur OgBe


Innate Abilities, Weirdness & Mutations

You have a pair of horns on your head.
You reflexively headbutt those who attack you in melee.


Message History

You hit the hornet but do no damage.
The hornet is moderately wounded.
The hornet stings you.
You feel yourself slow down. The hornet stings you!
You feel as though you will be slow longer.
You closely miss the hornet.
The hornet is moderately wounded.
The hornet stings you!
You feel as though you will be slow longer.
You block the hornet's attack. The hornet stings you.
You are poisoned.
You feel as though you will be slow longer.
You hit the hornet.
The hornet is heavily wounded.
You feel very sick.
The hornet stings you but does no damage.
You block the hornet's attack. The hornet stings you.
You feel as though you will be slow longer.
You barely miss the hornet. Your headbutt misses the hornet.
The hornet is heavily wounded.
You feel very sick.
The hornet stings you but does no damage. x2
The hornet stings you!
You suddenly lose the ability to move!
You feel sick. The hornet stings you!
* * * LOW HITPOINT WARNING * * *
You feel as though you will be slow longer.
You feel sick. The hornet stings you.
* * * LOW HITPOINT WARNING * * *
You feel as though you will be slow longer.
The hornet stings you!
* * * LOW HITPOINT WARNING * * *
You feel as though you will be slow longer.
You can move again.
You miss the hornet. Your headbutt misses the hornet.
The hornet is heavily wounded.
You feel sick. The hornet stings you.
* * * LOW HITPOINT WARNING * * *
You are lethally poisoned!
You feel as though you will be slow longer.
The hornet stings you.
You die...

............##
..........#..##
....##....##..# #
#.........##..####.#
##.............#.#.##
#.#......##........#
...>.....##.....#..##..
...............##.....
........y@.......
...............##
................#
.............#..#
.......###..?..## ....#
#....# .... ...).# ..#
##..##


You could see a hornet.

Vanquished Creatures
  Sigmund (D:2)
  An orc warrior (D:6)
  2 bullfrogs (D:6)
  3 phantoms
  A kobold brigand (D:7)
  3 scorpions
  A hound (D:6)
  2 gnoll boudas (D:6)
  Crazy Yiuf (D:2)
  An orc priest (D:5)
  4 jellies
  5 iguanas
  A sleepcap (D:6)
  Jessica (D:3)
  An orc wizard (D:5)
  Robin (D:2)
  19 gnolls
  11 adders
  2 shadow imps
  A white imp (D:6)
  5 worms
  A dart slug (D:4)
  15 orcs
  8 bats
  8 endoplasms
  A giant cockroach (D:2)
  11 goblins
  17 hobgoblins
  2 jackals (D:3)
  18 kobolds
  7 quokkas
  8 ball pythons
  6 frilled lizards
  6 rats
175 creatures vanquished.

Notes
Turn   | Place    | Note
-------+----------+-------------------------------------------
     0 | D:1      | bmack86 the Minotaur Fighter began the quest for the Orb.
     0 | D:1      | Reached XP level 1. HP: 19/19 MP: 0/0
    38 | D:1      | Reached skill level 3 in Axes
    84 | D:1      | Reached XP level 2. HP: 26/26 MP: 1/1
   313 | D:1      | Reached skill level 4 in Axes
   398 | D:1      | Reached XP level 3. HP: 27/31 MP: 2/2
   650 | D:2      | Reached skill level 5 in Axes
   817 | D:2      | Reached XP level 4. HP: 34/39 MP: 3/3
   907 | D:2      | Found a faded altar of an unknown god.
   989 | D:2      | Identified the amulet "Hiphebox" {Reflect Dex+3 SH+5}
  1000 | D:2      | Noticed Sigmund
  1005 | D:2      | Killed Sigmund
  1006 | D:2      | Reached skill level 7 in Axes
  1006 | D:2      | Reached XP level 5. HP: 43/45 MP: 4/4
  1302 | D:2      | Found a runed translucent door.
  1303 | D:2      | Noticed Crazy Yiuf
  1311 | D:2      | Killed Crazy Yiuf
  1312 | D:2      | Reached XP level 6. HP: 51/51 MP: 5/5
  1695 | D:2      | Noticed Robin
  1703 | D:2      | Killed Robin
  1863 | D:3      | Found a snail-covered altar of Cheibriados.
  1901 | D:3      | Found a white marble altar of Elyvilon.
  2056 | D:3      | Reached skill level 8 in Axes
  2086 | D:3      | Noticed Jessica
  2089 | D:3      | Killed Jessica
  2261 | D:3      | Reached skill level 9 in Axes
  2339 | D:5      | Entered Level 5 of the Dungeon
  2352 | D:5      | Reached XP level 7. HP: 52/57 MP: 6/6
  2471 | D:5      | Reached skill level 10 in Axes
  2544 | D:5      | Found a burning altar of Makhleb.
  2765 | D:5      | Found an ancient bone altar of Kikubaaqudgha.
  2852 | D:6      | Found a radiant altar of Vehumet.
  2886 | D:6      | Reached skill level 11 in Axes
  2887 | D:6      | Reached XP level 8. HP: 26/64 MP: 7/7
  3215 | D:6      | Found a runed translucent door.
  3216 | D:6      | Found a shimmering altar of Xom.
  3216 | D:6      | Noticed AwFulAwFulPlayer's ghost (amateur OgBe)
  3218 | D:6      | Noticed a +0 spear of chaos
  3310 | D:6      | Reached skill level 12 in Axes
  3332 | D:6      | Found a staircase to the Ecumenical Temple.
  3341 | Temple   | Entered the Ecumenical Temple
  3372 | Temple   | Became a worshipper of Warmaster Okawaru
  3805 | D:3      | Noticed a +0 dagger
  3805 | D:3      | Noticed a +0 spear
  3806 | D:3      | Noticed a +0 dagger
  3806 | D:3      | Noticed a +0 falchion
  3807 | D:3      | Noticed a +0 short sword
  3808 | D:3      | Noticed a +0 short sword
  3809 | D:3      | Noticed a +0 spear
  3809 | D:3      | Noticed a +0 falchion
  3821 | D:3      | Found Dimuot's Distillery.
  3836 | D:3      | Bought 2 potions of heal wounds for 100 gold pieces
  4135 | D:3      | Found a hide-covered altar of Uskayaw.
  4624 | D:4      | Found an ornate altar of the Wu Jian Council.
  4969 | D:5      | Noticed a troll
  5458 | D:6      | Identified 2 scrolls of acquirement
  5458 | D:6      | Acquired a manual of Fighting
  5460 | D:6      | Acquired 866 gold pieces
  5597 | D:6      | Reached skill level 13 in Axes
  5955 | D:7      | Noticed a hornet
  5963 | D:7      | Paralysed by a hornet for 3 turns
  5966 | D:7      | HP: 2/64 [hornet (4)]
  5966 | D:7      | Slain by a hornet

Illustrated notes

Levels and vault maps discovered:
D:1:      co_arrival_square_in_a_square_in_a_square, layout_basic
D:2:      layout_basic, dreamdust_ecumenical_altar_hidden_monk_grotto,
          minmay_vboxes, uniq_robin, uniq_sigmund, uniq_crazy_yiuf_cottage
D:3:      kb_forest_paths, layout_basic, nicolae_uskayaw_en_pointe,
          mainiacjoe_overflow_alcove_2, cheibriados_altar_1, serial_shops,
          nicolae_shop_tiny_glass, minivault_5, uniq_jessica
D:4:      layout_rooms, nicolae_wu_jian_immortal_techniques,
          minmay_tree_intersection
D:5:      layout_basic, lemuel_coloured_pillars_altar, lightli_temple_of_fire,
          minmay_fountain_box, lightli_corner_chamber
D:6:      layout_basic, vehumet_altar_wand_db, minmay_temple_entry_overgrown,
          ebering_ghost_xom
D:7:      layout_cave_pools, mainiacjoe_overflow_catwalk,
          nemelex_dance_club_becter, skrybe_limestone_x
Temple:   dpeg_chambers_temple

Skill      XL: |  1  2  3  4  5  6  7  8 |
---------------+-------------------------+-----
Axes           | 3 4 5 7 9 11 13 | 13.6
Fighting       | |  3.6
Armour         | |  3.6
Shields        | |  3.6

Action                     |  1- 3 |  4- 6 |  7- 9 || total
---------------------------+-------+-------+-------++-------
  Melee: War axe           |    91 |    97 |   204 ||   392
         Headbutt          |    14 |    13 |    37 ||    64
  Throw: Boomerang         |       |     5 |     1 ||     6
    Use: Scroll            |       |       |    14 ||    14
 Armour: Scale mail        |    35 |       |       ||    35
         Plate armour      |    24 |    52 |    89 ||   165
  Dodge: Dodged            |    41 |    22 |    38 ||   101
  Block: Buckler           |    13 |    40 |    98 ||   151
         Reflection        |       |     1 |     3 ||     4

Table legend: (Time is in decaauts)
 A = Elapsed time spent in this place.
 B = Non-inter-level travel time spent in this place.
 C = Inter-level travel time spent in this place.
 D = Time resting spent in this place.
 E = Time spent auto-exploring this place.
 F = Levels seen in this place.
 G = Mean time per level.
                   A        B        C        D        E       F      G
               +--------+--------+--------+--------+--------+-----+--------+
         Total |   6019 |   5789 |    230 |    286 |   3735 |   8 |  752.4 |
       Dungeon |   5960 |   5756 |    204 |    286 |   3735 |   7 |  851.4 |
        Temple |     58 |     32 |     26 |      0 |      0 |   1 |   58.0 |
               +--------+--------+--------+--------+--------+-----+--------+

Top non-repeatable levels by time:
     D:5: 1323 daAuts
     D:2: 1270 daAuts
     D:3: 1086 daAuts
     D:6: 939 daAuts
     D:1: 627 daAuts
     D:4: 561 daAuts
     D:7: 151 daAuts
  Temple: 58 daAuts
